 Dungeon Crawl Stone Soup version 0.31-a0-889-g1a8549509d (webtiles) character file.

Game seed: 8489357199352846398

353 MachoJfn the Cleaver (level 6, -4/55 HPs)
             Began as a Formicid Fighter on Oct 12, 2023.
             Was a Believer of Fedhas.
             Slain by a gnoll
             ... wielding a +0 halberd
             ... led by a gnoll bouda
              (11 damage)
             ... on level 4 of the Dungeon on Oct 16, 2023.
             The game lasted 00:08:35 (2594 turns).

MachoJfn the Cleaver (Formicid Fighter)             Turns: 2594, Time: 00:08:35

Health: -4/55      AC:  7    Str: 22    XL:     6   Next: 94%
Magic:  6/6        EV: 12    Int:  8    God:    Fedhas [**....]
Gold:   261        SH:  0    Dex: 13    Spells: 5/5 levels left

rFire   . . .        a - +0 war axe
rCold   . . .        (no shield)
rNeg    . . .        b - +0 scale mail
rPois   .            (helmet unavailable)
rElec   .            (no cloak)
rCorr   .            (no gloves)
SInv    +            (no boots)
Will    .....        q - amulet of faith Stlth
                     i - ring of flight
HPRegen 0.29/turn    (no ring)
MPRegen 0.10/turn

%: faith
@: mighty, flying
A: permanent stasis, dig shafts and tunnels, antennae 3, four strong arms
a: Dig, Shaft Self, Renounce Religion, Wall of Briars


You were on level 4 of the Dungeon.
You worshipped Fedhas.
Fedhas was pleased with you.
You visited 1 branch of the dungeon, and saw 4 of its levels.

You collected 261 gold pieces.

Inventory:

Hand Weapons
 a - a +0 war axe (weapon)
Missiles
 f - 31 stones
 g - 10 javelins
Armour
 b - a +0 scale mail (worn)
Jewellery
 i - a ring of flight (left hand)
 q - an amulet of faith (around neck)
Wands
 p - a wand of flame (15)
 s - a wand of roots (8)
Scrolls
 c - a scroll of identify
 l - 4 scrolls of teleportation
 m - a scroll of blinking {unknown}
 n - a scroll of silence
 o - a scroll of noise {unknown}
Potions
 e - 3 potions of curing
 h - a potion of cancellation
 j - 2 potions of heal wounds {unknown}
 k - a potion of resistance
 r - a potion of mutation {unknown}


   Skills:
 + Level 7.0 Fighting
 + Level 8.9 Axes
 + Level 7.2 Armour
 + Level 4.7 Dodging
 + Level 0.1 Stealth
 - Level 4.3 Shields
 * Level 0.4 Invocations


You had 5 spell levels left.
You didn't know any spells.
Your spell library contained the following spells:

 Spells                   Type           Power      Damage    Failure   Level
 Lesser Beckoning         Tloc           0%         N/A       83%         2
 Gell's Gravitas          Tloc           0%         N/A       97%         3
 Teleport Other           Tloc           0%         N/A       97%         3


Dungeon Overview and Level Annotations

Branches:
Dungeon (4/15)             Temple (0/1) D:4

Altars:
Fedhas
Zin


Innate Abilities, Weirdness & Mutations

You cannot be hasted, slowed, berserked, paralysed or teleported.
You can dig through walls and to a lower floor.
You have a pair of large antennae on your head. (SInv)
Your four strong arms can wield two-handed weapons with a shield.


Message History

The gnoll barely misses you. x2
You barely miss the gnoll. The gnoll misses you.
The gnoll hits you with a +0 whip.
* * * LOW HITPOINT WARNING * * *
You closely miss the gnoll.
The gnoll hits you from afar with a +0 halberd.
* * * LOW HITPOINT WARNING * * *
The gnoll hits you with a +0 whip.
* * * LOW HITPOINT WARNING * * *
The gnoll completely misses you.
You closely miss the gnoll. The gnoll barely misses you.
The gnoll hits you from afar with a +0 halberd.
* * * LOW HITPOINT WARNING * * *
You feel better. The gnoll hits you but does no damage.
The gnoll barely misses you.
You slash the gnoll!
The gnoll is severely wounded.
The gnoll hits you with a +0 whip.
* * * LOW HITPOINT WARNING * * *
The gnoll misses you.
You slash the gnoll!
You kill the gnoll!
Fedhas appreciates your contribution to the ecosystem.
The gnoll hits you from afar with a +0 halberd.
* * * LOW HITPOINT WARNING * * *
You slash the dart slug!
The dart slug is severely wounded.
The gnoll closely misses you. The dart slug launches a dart at you.
The slug dart hits you.
* * * LOW HITPOINT WARNING * * *
You slash the dart slug!
You kill the dart slug!
Fedhas appreciates your contribution to the ecosystem.
The gnoll misses you.
The gnoll is no longer moving quickly.
The gnoll hits you but does no damage.
Items here: ))) †††.
You barely miss the gnoll. The gnoll hits you with a +0 halberd!
You die...
Fedhas appreciates your contribution to the ecosystem.

......####
#.### ......#
##.# ....#.##
##..# ≈
....#..###...#
.≈
........)..#.#
≈..
...♣♣♣♣♣♣..#.#
.... #.
♣♣...### ,.≈≈..
#.
♣....)###..≈..≈
♣..###.)@.#,,
♣.##
####g...... ...
##....# ####
####


You could see a gnoll.

Vanquished Creatures
  A gnoll bouda (D:4)
  2 orc priests (D:1)
  4 gnolls (D:4)
  2 adders (D:2)
  A worm (D:4)
  4 dart slugs
  3 orcs
  2 bats (D:2)
  8 endoplasms
  4 giant cockroaches
  8 goblins
  5 hobgoblins
  7 jackals
  6 kobolds
  A quokka (D:3)
  4 ball pythons
  2 frilled lizards
  3 rats
67 creatures vanquished.

Notes
Turn   | Place    | Note
-------+----------+-------------------------------------------
     0 | D:1      | MachoJfn the Formicid Fighter began the quest for the Orb.
     0 | D:1      | Reached XP level 1. HP: 18/18 MP: 1/1
   150 | D:1      | Reached XP level 2. HP: 23/24 MP: 2/2
   650 | D:1      | Reached XP level 3. HP: 29/29 MP: 3/3
   889 | D:1      | Reached skill level 3 in Axes
   889 | D:1      | Reached XP level 4. HP: 24/37 MP: 4/4
  1070 | D:2      | Reached XP level 5. HP: 39/42 MP: 5/5
  1178 | D:2      | Found a faded altar of an unknown god.
  1188 | D:2      | Prayed at the altar of an unknown god.
  1188 | D:2      | Became a worshipper of Fedhas Madash
  1188 | D:2      | Reached * piety under Fedhas
  1200 | D:2      | Reached skill level 4 in Axes
  1613 | D:2      | Reached skill level 8 in Axes
  1613 | D:2      | Reached XP level 6. HP: 55/55 MP: 6/6
  1875 | D:3      | Found a glowing silver altar of Zin.
  1991 | D:3      | Reached ** piety under Fedhas
  2427 | D:4      | Upgraded the game from 0.31-a0-875-g02e7d12df6 to
                  | 0.31-a0-889-g1a8549509d
  2430 | D:4      | Found a staircase to the Ecumenical Temple.
  2594 | D:4      | Slain by a gnoll

Illustrated notes

Levels and vault maps discovered:
D:1:      elethiomel_arrival_shortcut, layout_basic, minmay_misc_feat_roman,
          serial_park_tiny_1, serial_bayou_ford_a
D:2:      layout_basic, hellmonk_ecumenical_altar_crossroads,
          kennysheep_generic_room_7
D:3:      layout_basic, zin_statuary
D:4:      nicolae_BIG_FREAKIN_CUBE, layout_rooms,
          mainiacjoe_overflow_small_starburst, minmay_temple_entry_junction,
          enter_ossuary_3, chequers_big_river, nrook_campfire

Skill      XL: |  1  2  3  4  5 |
---------------+----------------+-----
Axes           | 3 8 |  8.9
Armour         | 7 |  7.2
Fighting       | 7 |  7.0
Dodging        | 4 |  4.7
Stealth        | |  0.1
Shields        | |  4.3
Invocations    | |  0.4

Action                     |  1- 3 |  4- 6 || total
---------------------------+-------+-------++-------
  Melee: War axe           |    53 |   114 ||   167
         Punch             |       |     1 ||     1
    Use: Scroll            |     2 |     5 ||     7
         Potion            |       |     3 ||     3
 Armour: Scale mail        |    41 |    94 ||   135
  Dodge: Dodged            |    34 |    74 ||   108
  Block: Buckler           |    16 |     3 ||    19

Table legend: (Time is in decaauts)
 A = Elapsed time spent in this place.
 B = Non-inter-level travel time spent in this place.
 C = Inter-level travel time spent in this place.
 D = Time resting spent in this place.
 E = Time spent auto-exploring this place.
 F = Levels seen in this place.
 G = Mean time per level.
                   A        B        C        D        E       F      G
               +--------+--------+--------+--------+--------+-----+--------+
         Total |   2645 |   2262 |    383 |    148 |   1525 |   4 |  661.2 |
       Dungeon |   2645 |   2262 |    383 |    148 |   1525 |   4 |  661.2 |
               +--------+--------+--------+--------+--------+-----+--------+

Top non-repeatable levels by time:
     D:1: 1068 daAuts
     D:2: 698 daAuts
     D:3: 693 daAuts
     D:4: 184 daAuts
